 Dungeon Crawl Stone Soup version 0.13.0-19-g8e0b589 (webtiles) character file.

231 MackTheKnife the Vexing (level 4, 0/32 HPs)
             Began as a Vampire Arcane Marksman on Oct 24, 2013.
             Slain by a giant goldfish zombie (10 damage)
             ... on Level 3 of the Dungeon.
             The game lasted 00:05:48 (2891 turns).

MackTheKnife the Vexing (Vampire Arcane Marksman)   Turns: 2891, Time: 00:05:49

HP   0/32        AC  6     Str 10      XL: 4   Next: 13%
MP   7/7         EV 10     Int 18      God:
Gold 154         SH  7     Dex 14      Spells:  3 memorised,  1 level left

Res.Fire  : . . .   See Invis. : +   a - +0,+2 short sword (drain)
Res.Cold  : . . .   Warding    : .   v - +0 orc leather armour
Life Prot.: + . .   Conserve   : .   h - +0 dwarf buckler
Res.Poison: .       Res.Corr.  : .   (no helmet)
Res.Elec. : .       Clarity    : .   e - +1 dwarf cloak
Sust.Abil.: . .     Spirit.Shd : .   (no gloves)
Res.Mut.  : .       Stasis     : .   l - +0 pair of orc boots
Res.Rott. : .       Flight     : .   (no amulet)
Saprovore : . . .                    (no ring)
                                     t - +3 ring of intelligence

@: slightly resistant to hostile enchantments, unstealthy
A: fangs 3, see invisible, unbreathing
a: Bat Form


You were on level 3 of the Dungeon.
You were not thirsty.

You visited 1 branch of the dungeon, and saw 3 of its levels.

You collected 104 gold pieces.

Inventory:

Hand weapons
 a - a +0,+2 short sword of draining (weapon)
 b - a +0,+0 crossbow
Missiles
 c - 19 bolts
Armour
 e - a +1 dwarven cloak (worn)
 h - a +0 dwarven buckler (worn)
 l - a +0 pair of orcish boots (worn)
 v - a +0 orcish leather armour (worn)
Scrolls
 f - a scroll of curse weapon {unknown}
 g - 4 scrolls of identify
 k - a scroll of amnesia {unknown}
 m - 3 scrolls of recharging {unknown}
 n - 3 scrolls of teleportation {unknown}
 o - 5 scrolls of remove curse {unknown}
 r - 2 scrolls of random uselessness {unknown}
 u - a scroll of noise {unknown}
Jewellery
 p - an uncursed ring of protection from magic {unknown}
 t - a +3 ring of intelligence (left hand)
Potions
 j - a potion of brilliance {unknown}
 q - 3 potions of curing {unknown}
 s - a potion of might {unknown}
Books
 d - a book of Debilitation

   Spells                             Type                      Level
   *Corona                            Hexes                        1
   *Slow                              Hexes                        2
   *Inner Flame                       Hexes/Fire                   3
   Enslavement                        Hexes                        4
   Cause Fear                         Hexes                        4
   Leda's Liquefaction                Hexes/Earth                  4


   Skills:
 - Level 0.8 Fighting
 - Level 1.5 Crossbows
 - Level 2.1 Dodging
 + Level 2.1 Spellcasting
 + Level 7.1 Hexes


You had one spell level left.
You knew the following spells:

 Your Spells              Type           Power        Failure   Level  Hunger
a - Corona                Hex            ####...      1%          1    #......
b - Slow                  Hex            ####....     2%          2    ##.....
c - Inner Flame           Hex/Fire       ##......     24%         3    ####...


Dungeon Overview and Level Annotations

Branches:
Dungeon (3/27)

Altars:
Cheibriados
Xom


Innate Abilities, Weirdness & Mutations

You have razor-sharp teeth.*
You have supernaturally acute eyesight.
You can survive without breathing.*


Message History

You hit the giant goldfish zombie. The giant goldfish zombie bites you.
You hit the giant goldfish zombie but do no damage.
The giant goldfish zombie bites you but does no damage.
You hit the giant goldfish zombie. You hit the giant goldfish zombie.
The giant goldfish zombie bites you but does no damage.
You hit the giant goldfish zombie.
You block the giant goldfish zombie's attack.
You hit the giant goldfish zombie but do no damage.
The giant goldfish zombie bites you.
You hit the giant goldfish zombie.
The giant goldfish zombie bites you but does no damage.
You hit the giant goldfish zombie.
The giant goldfish zombie barely misses you.
You hit the giant goldfish zombie. The giant goldfish zombie bites you.
You hit the giant goldfish zombie but do no damage.
The giant goldfish zombie barely misses you.
You hit the giant goldfish zombie. The giant goldfish zombie bites you!
You hit the giant goldfish zombie. The giant goldfish zombie bites you!
You die...

.# #. .# #.. ## #'#
#..####### #.......#
###.###.# #.# #.#
#######'# #.#
######.......###@###
....##.......#≈≈.zz#
###.##.......#≈≈.≈≈#
#.##.......#≈≈.≈≈#
#..'.......#≈≈.≈≈#
####.......#≈≈.≈≈#
#.......#≈≈.≈≈#
####'####≈≈.≈≈# #.#
#≈≈.≈≈#


You could see 2 giant goldfish zombies.

Vanquished Creatures
  3 adders (D:3)
  A worm (D:2)
  A giant gecko (D:3)
  4 orcs (D:3)
  2 ball pythons
  10 hobgoblins
  A quokka (D:1)
  5 bats (D:1)
  2 giant cockroaches
  2 giant newts
  7 goblins
  7 kobolds
  9 rats
54 creatures vanquished.

Notes
Turn   | Place    | Note
--------------------------------------------------------------
     0 | D:1      | MackTheKnife, the Vampire Arcane Marksman, began the quest for the Orb.
     0 | D:1      | Reached XP level 1. HP: 15/15 MP: 2/2
   421 | D:1      | Reached skill level 5 in Hexes
   658 | D:1      | Reached XP level 2. HP: 21/21 MP: 4/4
   662 | D:1      | Learned a level 2 spell: Slow
  1102 | D:2      | Found a shimmering altar of Xom.
  1105 | D:2      | Found a shimmering altar of Xom.
  1109 | D:2      | Found a shimmering altar of Xom.
  1109 | D:2      | Found a shimmering altar of Xom.
  1120 | D:2      | Found a shimmering altar of Xom.
  1145 | D:2      | Reached skill level 6 in Hexes
  1246 | D:2      | Reached XP level 3. HP: 26/26 MP: 5/5
  1251 | D:2      | Learned a level 3 spell: Inner Flame
  2048 | D:3      | Reached skill level 7 in Hexes
  2430 | D:3      | Found a snail-covered altar of Cheibriados.
  2535 | D:3      | Reached XP level 4. HP: 32/32 MP: 7/7
  2891 | D:3      | Slain by a giant goldfish zombie

Action                   |  1- 3 |  4- 6 || total
-------------------------+-------+-------++-------
Melee: Short sword       |   142 |    39 ||   181
 Fire: Crossbow          |     9 |       ||     9
 Cast: Slow              |     2 |     1 ||     3
       Corona            |     1 |       ||     1
  Use: Scroll            |     1 |       ||     1
 Stab: Sleeping          |     1 |       ||     1
